 Dungeon Crawl Stone Soup version 0.32-a0-999-gfa1cc04b1d (webtiles) character file.

Game seed: 13224013769021755176

80 GiantSquids the Sneak (level 4, -2/31 HPs)
             Began as an Octopode Delver on Apr 25, 2024.
             Slain by a gnoll
             ... wielding a +0 spear
              (8 damage)
             ... on level 3 of the Dungeon.
             The game lasted 00:04:01 (1649 turns).

GiantSquids the Sneak (Octopode Delver)             Turns: 1649, Time: 00:04:02

Health: -2/31      AC:  3    Str: 11    XL:     4   Next: 39%
Magic:  4/4        EV: 12    Int: 12    God:
Gold:   156        SH:  0    Dex: 15    Spells: 3/3 levels left

rFire   . . .        a - +0 short sword
rCold   . . .        (no shield)
rNeg    . . .        g - +2 hat
rPois   .            (no amulet)
rElec   .            (no ring)
rCorr   .            (no ring)
SInv    .            (no ring)
Will    .....        (no ring)
Stlth   +++++        (no ring)
HPRegen 0.25/turn    (no ring)
MPRegen 0.09/turn    (no ring)
                     (no ring)

%: no passive effects
@: no status effects
A: almost no armour, amphibious, 8 rings, camouflage 1, gelatinous body 1,
(nimble swimmer 1), tentacles
a: no special abilities


You were on level 3 of the Dungeon.
You visited 1 branch of the dungeon, and saw 5 of its levels.

You collected 156 gold pieces.

Inventory:

Hand Weapons
 a - a +0 short sword (weapon)
Armour
 g - a +2 hat (worn)
Jewellery
 k - a ring of fire
 l - a ring of wizardry
 u - a ring of fire
Wands
 f - a wand of digging (3)
Scrolls
 b - 2 scrolls of fog
 c - a scroll of revelation
 d - 2 scrolls of fear
 h - a scroll of silence {unknown}
 j - a scroll of teleportation {unknown}
 p - a scroll of blinking {unknown}
 s - 2 scrolls of identify {unknown}
 t - a scroll of enchant weapon {unknown}
 w - a scroll of brand weapon {unknown}
Potions
 e - a potion of haste
 i - a potion of invisibility {unknown}
 m - 2 potions of might {unknown}
 n - 2 potions of mutation {unknown}
 o - 2 potions of brilliance {unknown}
 q - a potion of degeneration {unknown}
 r - a potion of ambrosia {unknown}
 v - 2 potions of berserk rage {unknown}


   Skills:
 - Level 3.0 Fighting
 + Level 3.4 Short Blades
 - Level 2.0 Dodging
 + Level 7.8 Stealth


You had 3 spell levels left.
You didn't know any spells.
Your spell library was empty.

Dungeon Overview and Level Annotations

Branches:
Dungeon (5/15)
 Temple: D:4-7

Altars:


Innate Abilities, Weirdness & Mutations

You cannot wear most types of armour.
You are amphibious.
You can wear up to eight rings at the same time.
Your skin changes colour to match your surroundings (Stealth+).
Your rubbery body absorbs attacks. (AC +1, EV +1)
((You are camouflaged when in or above water. (Stealth+)))
You have tentacles for arms and can constrict up to eight enemies at once.


Message History

The hobgoblin is heavily wounded.
The hobgoblin barely misses you.
You hit the hobgoblin. Your grab misses the hobgoblin.
Your squeeze misses the hobgoblin.
The hobgoblin is severely wounded.
The hobgoblin barely misses you.
You completely miss the hobgoblin. You grab the hobgoblin.
You squeeze the hobgoblin.
You kill the hobgoblin!
You now have 156 gold pieces (gained 9).
You see here a +0 robe.
w - a scroll labelled VERE CUGIN A gnoll comes into view.
It is wielding a +0 club.
A gnoll is nearby!
A gnoll comes into view.
It is wielding a +0 halberd. 2 gnolls come into view.
The gnoll shouts! x3
You completely miss the gnoll. Your grab misses the gnoll.
The gnoll barely misses you.
You closely miss the gnoll. Your grab misses the gnoll. You squeeze the gnoll.
The gnoll is heavily wounded.
The gnoll closely misses you. The gnoll misses you.
The gnoll attacks as it pursues you! The gnoll hits you with a +0 club.
A bombardier beetle comes into view.
The gnoll attacks as it pursues you! The gnoll hits you with a +0 club.
An adder comes into view.
The gnoll closely misses you. The gnoll hits you with a +0 club!
The gnoll closely misses you.
You hit the gnoll. You grab the gnoll.
The gnoll is heavily wounded.
You constrict the gnoll.
The gnoll escapes!
The gnoll completely misses you.
You hit the gnoll.
You kill the gnoll!
The gnoll hits you from afar with a +0 halberd.
The gnoll hits you from afar with a +0 spear.
The gnoll hits you with a +0 halberd.
* * * LOW HITPOINT WARNING * * *
You barely miss the gnoll. You grab the gnoll. You constrict the gnoll.
The gnoll hits you from afar with a +0 spear!
You die...

#.# #.# #g###.#
###########.g...#
#...........###.#
###.#########.###.#
..................#
...>..........##g##
####.###########g#
####.# #@####
...<.# #.)..#
###### ####......S
#######


You could see 2 gnolls.

Vanquished Creatures
  2 gnolls
  An adder (D:2)
  A dart slug (D:2)
  A ribbon worm (D:3)
  3 endoplasms
  3 giant cockroaches
  2 goblins
  5 hobgoblins
  4 quokkas
  6 ball pythons
  6 bats
  3 frilled lizards
  5 kobolds
  5 rats
47 creatures vanquished.

Notes
Turn   | Place    | Note
-------+----------+-------------------------------------------
     0 | D:5      | GiantSquids the Octopode Delver began the quest for the
                  | Orb.
     0 | D:5      | Reached XP level 1. HP: 16/16 MP: 1/1
     8 | D:5      | Noticed an ogre
    11 | D:5      | Noticed a phantom
   145 | D:1      | Reached XP level 2. HP: 21/21 MP: 2/2
   193 | D:1      | Reached skill level 7 in Stealth
   448 | D:1      | Reached XP level 3. HP: 26/26 MP: 3/3
  1125 | D:2      | Reached XP level 4. HP: 31/31 MP: 4/4
  1462 | D:3      | Found a faded altar of an unknown god.
  1649 | D:3      | Slain by a gnoll

Illustrated notes

Levels and vault maps discovered:
D:1:      amcnicky_arrival_wind_blow, layout_loops_ring
D:2:      layout_rooms, minmay_tree_intersection
D:3:      layout_loops_ring, mainiacjoe_overflow_two_lobes,
          shapermc_ecumenical_altar_mp_vishouse, uniq_ijyb
D:4:      layout_cave_pools, nicolae_overflow_hidden_temple, uniq_grinder
D:5:      layout_loops_ring, minmay_temple_entry_glassed_door, serial_undead,
          serial_undead_e, serial_undead_d, serial_undead_b, serial_undead_b,
          serial_park_tiny_2

Skill      XL: |  1  2  3 |
---------------+----------+-----
Stealth        | 7 |  7.8
Short Blades   | 3 |  3.4
Fighting       | |  3.0
Dodging        | |  2.0

Action                     |  1- 3 |  4- 6 || total
---------------------------+-------+-------++-------
  Melee: Short sword       |    59 |    28 ||    87
         Constrict         |    10 |     8 ||    18
         Tentacles         |     8 |     3 ||    11
   Stab: Sleeping          |    14 |     2 ||    16
         Distracted        |       |     1 ||     1
 Armour: Skin              |    23 |    21 ||    44
  Dodge: Dodged            |    27 |    15 ||    42

Table legend: (Time is in decaauts)
 A = Elapsed time spent in this place.
 B = Non-inter-level travel time spent in this place.
 C = Inter-level travel time spent in this place.
 D = Time resting spent in this place.
 E = Time spent auto-exploring this place.
 F = Levels seen in this place.
 G = Mean time per level.
                   A        B        C        D        E       F      G
               +--------+--------+--------+--------+--------+-----+--------+
         Total |   1635 |   1618 |     17 |     24 |   1170 |   5 |  327.0 |
       Dungeon |   1635 |   1618 |     17 |     24 |   1170 |   5 |  327.0 |
               +--------+--------+--------+--------+--------+-----+--------+

Top non-repeatable levels by time:
     D:1: 683 daAuts
     D:2: 474 daAuts
     D:3: 427 daAuts
     D:4: 32 daAuts
     D:5: 18 daAuts
